 Dungeon Crawl Stone Soup version 0.17.0-25-gefc9c12 (webtiles) character file.

4249 Niddhoggr the Fighter (level 10, -7/96 HPs)
             Began as a Minotaur Berserker on Nov 19, 2015.
             Was an Elder of Trog.
             Mangled by an orc warrior
             ... wielding a +2 glaive of venom
              (29 damage)
             ... on level 8 of the Dungeon.
             The game lasted 00:19:25 (6678 turns).

Niddhoggr the Fighter (Minotaur Berserker)          Turns: 6678, Time: 00:19:26

Health: -7/96      AC: 10    Str: 23    XL:     10   Next: 9%
Magic:  9/9        EV: 11    Int:  8    God:    Trog [****..]
Gold:   293        SH:  0    Dex: 11    Spells: 0 memorised, 9 levels left

rFire  x . .     SeeInvis .     u - +3 lajatang (venom)
rCold  + . .     Clarity  .     w - +1 scale mail
rNeg   . . .     SustAt   .     (shield currently unavailable)
rPois  .         Gourm    .     D - +0 hat {Int+3}
rElec  .         Spirit   .     C - +0 cloak
rCorr  .         Warding  .     i - +0 pair of gloves
rMut   .         Stasis   .     (no boots)
MR     ++...                    (no amulet)
Stlth  ..........               (no ring)
                                N - ring of ice

@: lethally poisoned (-7 -> -9), exhausted, regenerating, slowed, very slow,
very resistant to hostile enchantments, extremely unstealthy
A: retaliatory headbutt, horns 2
a: Berserk, Trog's Hand, Brothers in Arms, Burn Spellbooks, Renounce Religion


You were on level 8 of the Dungeon.
You worshipped Trog.
Trog was greatly pleased with you.
You were not hungry.

You visited 1 branch of the dungeon, and saw 8 of its levels.

You collected 377 gold pieces.
You spent 84 gold pieces at shops.

Inventory:

Hand Weapons
 a - a +0 hand axe
 o - a +3 mace
 u - a +3 lajatang of venom (weapon)
 B - a +3 quarterstaff of chaos
 F - a +2 shortbow of freezing
 K - a +2 halberd of flaming
Missiles
 I - 62 arrows
Armour
 b - a +0 animal skin
 i - a +0 pair of gloves (worn)
 w - a +1 scale mail (worn)
 C - a +0 cloak (worn)
 D - a +0 hat of intelligence (worn)
Jewellery
 e - an uncursed ring of see invisible
 N - a ring of ice (left hand)
Wands
 A - a wand of disintegration (0)
Scrolls
 d - 4 scrolls of identify
 f - 4 scrolls of remove curse
 h - 4 scrolls of enchant weapon
 v - a scroll of enchant armour
 J - a scroll of fear {unknown}
 M - 3 scrolls of teleportation
 O - a scroll of magic mapping {unknown}
Potions
 j - 2 potions of heal wounds {unknown}
 k - a potion of invisibility {unknown}
 l - 3 potions of lignification {unknown}
 m - a potion of ambrosia {unknown}
 n - 4 potions of magic {unknown}
 p - 2 potions of brilliance {unknown}
 s - 3 potions of curing {unknown}
 t - a potion of mutation {unknown}
 z - 2 potions of poison {unknown}
 E - 2 potions of might {unknown}
 H - 3 potions of agility {unknown}
Books
 q - a book of Death

   Spells                             Type                      Level
   a - Corpse Rot                     Necromancy                   2
   b - Sublimation of Blood           Necromancy                   2
   c - Agony                          Necromancy                   5
   d - Dispel Undead                  Necromancy                   5
   e - Excruciating Wounds            Charms/Necromancy            5
   f - Bolt of Draining               Conjuration/Necromancy       5
   Trog disapproves of the use of such an item.
 y - a book of Debilitation

   Spells                             Type                      Level
   a - Corona                         Hexes                        1
   b - Slow                           Hexes                        2
   c - Gell's Gravitas                Hexes/Translocation          3
   d - Inner Flame                    Hexes/Fire                   3
   e - Cause Fear                     Hexes                        4
   f - Leda's Liquefaction            Hexes/Earth                  4
   Trog disapproves of the use of such an item.
 P - a book of Burglary

   Spells                             Type                      Level
   a - Swiftness                      Charms/Air                   2
   b - Passwall                       Transmutation/Earth          3
   c - Passage of Golubria            Translocation                4
   d - Lee's Rapid Deconstruction     Earth                        5
   e - Darkness                       Hexes                        6
   f - Invisibility                   Hexes                        6
   Trog disapproves of the use of such an item.
Comestibles
 c - 10 bread rations
 g - a royal jelly
 r - 8 slices of pizza
 x - 3 fruits
 G - 2 meat rations
 L - 3 beef jerkies


   Skills:
 * Level 11.5 Fighting
 * Level 11.3 Axes
 + Level 5.2 Bows
 - Level 4.5 Armour
 - Level 4.0 Dodging


You had 9 spell levels left.
You didn't know any spells.

Dungeon Overview and Level Annotations

Branches:
Dungeon (8/15)             Temple (0/1) D:6
   Lair: D:8-11

Altars:
Ashenzari
Cheibriados
Dithmenos
Fedhas
Makhleb
Nemelex Xobeh
Okawaru
Qazlal
Vehumet
Yredelemnul
Zin
The Shining One

Shops:
D:6 (   D:7 %

Annotations:
D:4 exclusion: statue
D:8 Niddhoggr's ghost, novice MiBe


Innate Abilities, Weirdness & Mutations

You reflexively headbutt those who attack you in melee.
You have a pair of horns on your head.


Message History

The orc warrior hits you from afar with a glaive of venom.
You are poisoned.
Something hits you but does no damage.
You finish eating.
That royal jelly was delicious!
You completely miss something. Your headbutt misses something.
You feel sick. Something hits you but does no damage.
The orc warrior hits you from afar with a glaive of venom!
* * * LOW HITPOINT WARNING * * *
You are more poisoned.
Something hits you.
* * * LOW HITPOINT WARNING * * *
The orc warrior hits you but does no damage.
You are more poisoned.
Something hits you but does no damage.
You hit something. You headbutt something.
You feel very sick. Something hits you.
* * * LOW HITPOINT WARNING * * *
The orc warrior hits you from afar with a glaive of venom!!
You die...

...# #.####### #..# #.#
#..# #)# ##..#####.###
###^..........## #
)....(#####....# .#
###...# ###..# .# # #
#...#######Yo######.#.#
###..>.......rr{@)†....$#
......#######.W####...###
#.#.### #..# #.### ..#.#
#..# #.# #.#.#########..#
#.# #...........#..####.#
###............>....#
##############.###### .#
#.#


You could see a yak, an orc warrior, Niddhoggr's ghost and 2 rats.

Vanquished Creatures
  Gastronok (D:8)
  The ghost of Niddhoggr the Fighter, a novice MiBe of Trog (D:4)
  A deep elf fighter (D:8)
  A human (D:7)
  A yak (D:7)
  4 phantoms
  An ice beast (D:5)
  An eye of draining (D:8)
  2 ogres
  A centaur (D:5)
  A big kobold (D:8)
  A giant frog (D:6)
  2 scorpions
  4 killer bees (D:7)
  A crimson imp (D:5)
  A centaur zombie (D:5)
  A giant frog zombie (D:7)
  A hound (D:5)
  3 orc wizards
  3 jellies
  Crazy Yiuf (D:3)
  A worker ant (D:6)
  3 sheep (D:7)
  A hound skeleton (D:8)
  A worker ant zombie (D:6)
  3 gnolls (D:6)
  7 adders
  A shadow imp (D:6)
  An adder zombie (D:6)
  10 giant geckos
  16 orcs
  2 ball pythons (D:1)
  15 bats
  3 giant cockroaches
  11 goblins
  11 hobgoblins
  17 kobolds
  3 quokkas
  2 giant newts (D:1)
  9 jackals
  10 rats
160 creatures vanquished.

Vanquished Creatures (others)
  A kobold (D:3)
  21 fungi (D:8)
  11 plants (D:8)
33 creatures vanquished.

Grand Total: 193 creatures vanquished

Notes
Turn   | Place    | Note
--------------------------------------------------------------
     0 | D:1      | Niddhoggr the Minotaur Berserker began the quest for the Orb.
     0 | D:1      | Reached XP level 1. HP: 19/19 MP: 0/0
    72 | D:1      | Reached XP level 2. HP: 22/27 MP: 1/1
    96 | D:1      | Reached skill level 4 in Axes
   587 | D:1      | Reached ** piety under Trog
   736 | D:1      | Reached XP level 3. HP: 33/33 MP: 2/2
  1042 | D:2      | Found a shattered altar of Ashenzari.
  1167 | D:2      | Found a sparkling altar of Nemelex Xobeh.
  1268 | D:2      | Found a basalt altar of Yredelemnul.
  1719 | D:3      | Reached XP level 4. HP: 36/40 MP: 3/3
  1783 | D:3      | Reached *** piety under Trog
  1783 | D:3      | Reached skill level 5 in Axes
  2037 | D:3      | Found a stormy altar of Qazlal.
  2081 | D:3      | Found a shadowy altar of Dithmenos.
  2090 | D:3      | Found a blossoming altar of Fedhas.
  2090 | D:3      | Found a snail-covered altar of Cheibriados.
  2091 | D:3      | Found a glowing golden altar of the Shining One.
  2225 | D:3      | Reached XP level 5. HP: 32/47 MP: 4/4
  2411 | D:3      | Noticed Crazy Yiuf
  2415 | D:3      | Killed Crazy Yiuf
  2493 | D:4      | Noticed a phantom
  2517 | D:4      | Killed a phantom
  2517 | D:4      | Reached skill level 5 in Fighting
  2517 | D:4      | Reached XP level 6. HP: 45/56 MP: 5/5
  2554 | D:4      | Noticed Niddhoggr's ghost (novice MiBe)
  2566 | D:4      | Killed Niddhoggr's ghost
  2566 | D:4      | Reached skill level 6 in Fighting
  2566 | D:4      | Reached XP level 7. HP: 40/63 MP: 6/6
  3150 | D:4      | Found a radiant altar of Vehumet.
  3259 | D:5      | Entered Level 5 of the Dungeon
  3291 | D:5      | Reached skill level 7 in Axes
  3637 | D:5      | Reached **** piety under Trog
  3967 | D:5      | Reached XP level 8. HP: 70/74 MP: 7/7
  4005 | D:5      | Reached skill level 8 in Fighting
  4203 | D:6      | Found a staircase to the Ecumenical Temple.
  4240 | D:6      | Found Seeqaph's Antique Weapon Shoppe.
  4244 | D:6      | Bought a runed halberd for 84 gold pieces
  4381 | D:6      | Found an iron altar of Okawaru.
  4494 | D:6      | Reached skill level 1 in Bows
  4585 | D:6      | Found a burning altar of Makhleb.
  4898 | D:6      | Found a glowing silver altar of Zin.
  5026 | D:7      | Found Fuiket's Food Boutique.
  5034 | D:7      | Reached skill level 9 in Fighting
  5594 | D:7      | Reached XP level 9. HP: 20/85 MP: 8/8
  6222 | D:8      | Noticed Gastronok
  6248 | D:8      | Killed Gastronok
  6248 | D:8      | Reached skill level 11 in Fighting
  6251 | D:8      | Reached skill level 5 in Bows
  6420 | D:8      | Reached XP level 10. HP: 78/96 MP: 9/9
  6670 | D:8      | Noticed Niddhoggr's ghost (novice MiBe)
  6678 | D:8      | Mangled by an orc warrior

Action                   |  1- 3 |  4- 6 |  7- 9 | 10-12 || total
-------------------------+-------+-------+-------+-------++-------
Melee: Hand axe          |    63 |       |       |       ||    63
       Mace              |    21 |    48 |       |       ||    69
       Quarterstaff      |       |    17 |    21 |       ||    38
       Lajatang          |       |       |   157 |    34 ||   191
Invok: Berserk           |       |     1 |     1 |     1 ||     3
       Trog's Hand       |       |     1 |     1 |     1 ||     3
Evoke: Wand              |       |       |     6 |       ||     6
  Use: Scroll            |       |       |     9 |       ||     9
 Stab: Paralysed         |       |       |     1 |       ||     1
  Eat: Chunk             |     2 |     3 |    12 |       ||    17
       Beef jerky        |       |       |     2 |       ||     2
       Royal jelly       |       |       |       |     1 ||     1
